dver, chaotic female orcish Barbarian --- ----------.-- |.........<.| |..-------..| ---- |.-- |.| -- |.| - .| |.| ..|---------- |.| .....:........ |@.@.....- ---.....-- -.....- -.....| -.|..- --- . dver the Plunderess Experience level: 1 Strength: 18 Dexterity: 18 Constitution: 18 Intelligence: 8 Wisdom: 7 Charisma: 6 Health: 0(15) Energy: 2(2) Def: 2 Gold: 272 Moves: 939 Dungeon seed: 0-nYAjdCiIUN3qaI Game ID: dver_1512745607 Your Inventory: Coins $ - 272 gold pieces Weapons a - an uncursed +0 battle-axe (weapon in hands) b - an uncursed +0 orcish short sword (alternate weapon; not wielded) l - 4 uncursed +0 darts o - an uncursed +0 dagger Armor e - an uncursed +0 orcish ring mail (being worn) Comestibles c - 7 uncursed food rations k - an uncursed cram ration m - an uncursed fortune cookie Scrolls f - an uncursed scroll of create monster p - a blessed scroll of identify Spellbooks d - an uncursed spellbook of sleep j - an uncursed spellbook of cure sickness Potions h - an uncursed potion of blindness i - 2 uncursed potions of water r - an uncursed potion of enlightenment Gems n - 2 uncursed worthless pieces of red glass Spells and supernatural/magical abilities: Spells marked with '*' are forgotten. Spells marked with '!' are maintained. Spells marked with '#' are aliased with 'castalias'. Name Level Category Fail Memory W - pray for help -- divine ? -- Your skills at the end: Fighting Skills bare handed combat [Basic] Weapon Skills axe [Basic] short sword [Basic] Spellcasting Skills Final Attributes: You were immune to poison. You had infravision. You are dead. Vanquished creatures: 2 dwarves a large kobold a giant rat 3 gnomes a jackal a sewer rat a grid bug 3 lichens 3 newts 16 creatures vanquished. Voluntary challenges: You followed a strict vegan diet. You were an atheist. You used a wielded weapon 8 times, starting on turn 1. You were illiterate. You never genocided any monsters. You never polymorphed an object. You never changed form. You used no wishes. You never split a pudding. You never wrote Elbereth's name. You never violated your personal moral code. Dungeon overview: The Dungeons of Doom: levels 1 to 4 Level 1 a long staircase Level 2 some fountains Level 3 Level 4 a sink stairs to The Gnomish Mines The Gnomish Mines: Level 5 <- You were here stairs to The Dungeons of Doom History has recorded: On T:1 you entered the Dungeons of Doom to retrieve the Amulet of Yendor! On T:286 you reached level 2 of The Dungeons of Doom. On T:437 you reached level 3 of The Dungeons of Doom. On T:626 you reached level 4 of The Dungeons of Doom. On T:908 you reached level 1 of The Gnomish Mines. Score breakdown: Gold: 272 ( 8286 points) Experience: 1 level ( 0 points) Exploration: 5 levels ( 10.64%) ( 8846 points) Discoveries: 1 item ( 0.40%) ( 1897 points) Valuables value: (no points given unless you survive) Artifact value: 0 ( 0 points) Variety of kills: 9 monsters ( 2.37%) ( 4616 points) Turncount: 939 turns ( 0 points) Survival: died (score multiplied by 80%) Total score: 18916 Latest messages: c - an uncursed food ration. You are beginning to feel hungry. There is a grave here. Something is engraved here on the headstone. You read: "He always lied while on the earth and now he's lying in it". You see here 57 gold pieces. $ - 57 gold pieces. You hear a slow drip. You displace your kitten. You hear rumbling in the distance. (2x) Please move the cursor to an unknown object. A valkyrie called Pip [seen: normal vision, infravision] on the floor of a room. You hear rumbling in the distance. (2x) Pip hurls an orange potion! The bottle crashes on your head and breaks into shards. Something seems to be holding you. Pip wields a long sword! You hear some noises nearby. Pip casts a spell! The force bolt hits you! You die... Final status: Goodbye dver the Barbarian, killed by a valkyrie called "Pip"'s force bolt, while frozen by potion vapours... You died in The Gnomish Mines on dungeon level 5 with 18916 points, and 272 pieces of gold, after 939 moves. You were level 1 with a maximum of 15 hit points when you died.